 Dungeon Crawl Stone Soup version 0.30-a0-509-gd016549fea (webtiles) character file.

Game seed: 199300394338974466

1265 themarg the Changer (level 8, -3/68 HPs)
             Began as a Pale Draconian Transmuter on Dec 23, 2022.
             Was an Initiate of Ashenzari.
             Slain by Dowan
             ... wielding a +0 dagger of venom
              (6 damage)
             ... on level 5 of the Dungeon.
             The game lasted 00:12:21 (3816 turns).

themarg the Changer (Pale Draconian Transmuter)     Turns: 3816, Time: 00:12:22

Health: -3/68      AC:  2    Str: 12    XL:     8   Next: 27%
Magic:  13/15      EV: 19    Int: 17    God:    Ashenzari [......]
Gold:   202        SH:  5    Dex: 16    Spells: 10/16 levels left

rFire   + . .      SeeInvis .      - Unarmed
rCold   . . .      Faith    .    (shield currently unavailable)
rNeg    . . .      Spirit   .    (body armour unavailable)
rPois   x          Reflect  +    (helmet currently unavailable)
rElec   .          Harm     .    (cloak currently unavailable)
rCorr   +          Rampage  .    (gloves currently unavailable)
Will    .....                    (boots currently unavailable)
Stlth   +.........               u - amulet of reflection
HPRegen 0.31/turn                j - ring of protection from fire
MPRegen 0.14/turn                B - ring of resist corrosion

@: lit by a corona, spider-form (expiring), glowing
A: venomous fangs, (breathe steam), AC +6, tiny, unfitting armour,
(cold-blooded), (steam resistance)
a: End Transformation, Renounce Religion, Curse Item, Shatter the Chains


You were on level 5 of the Dungeon.
You worshipped Ashenzari.
Ashenzari was noncommittal.
You were a venomous arachnid creature.
You visited 1 branch of the dungeon, and saw 5 of its levels.

You collected 202 gold pieces.

Inventory:

Hand Weapons
 i - a +2 dagger of venom (melded)
Missiles
 c - 2 atropa-tipped darts
 d - 46 stones
 s - 14 poisoned darts
Armour
 q - the cursed +0 pair of boots of Apeoromancy (melded) {Self, Cun}
   (You found it on level 3 of the Dungeon)

   It has a curse which improves the following skills: Introspection: Fighting
   and Spellcasting.
   Cunning:   Dodging and Stealth.
 v - a +0 cloak
Magical Staves
 g - a staff of fire
Jewellery
 j - a ring of protection from fire (left front leg)
 u - an amulet of reflection (around neck)
 A - a ring of willpower
 B - a ring of resist corrosion (right front leg)
Wands
 p - a wand of polymorph (5)
 r - a wand of digging (3)
Scrolls
 b - a scroll of fog
 f - a scroll of poison {unknown}
 h - a scroll of acquirement {unknown}
 k - a scroll of enchant armour {unknown}
 l - 4 scrolls of fear
 m - 3 scrolls of teleportation
 w - 2 scrolls of identify
 y - a scroll of brand weapon {unknown}
Potions
 a - a potion of lignification
 e - a potion of curing
 n - a potion of mutation
 o - a potion of attraction
 t - a potion of degeneration
 x - a potion of brilliance {unknown}
 z - a potion of invisibility


   Skills:
 - Level 5.0 Fighting
 - Level 1.7 Dodging
 - Level 3.0 Unarmed Combat
 + Level 4.8 Spellcasting
 * Level 6.9 Transmutations
 - Level 3.0 Poison Magic


You had 10 spell levels left.
You knew the following spells:

 Your Spells              Type           Power      Damage    Failure   Level
a - Beastly Appendage     Tmut           54%        N/A       4%          1
b - Wereblood             Tmut           27%        N/A       6%          2
c - Spider Form           Tmut/Pois      21%        N/A       16%         3

Your spell library contained the following spells:

 Spells                   Type           Power      Damage    Failure   Level
 Ice Form                 Ice/Tmut       15%        N/A       56%         4


Dungeon Overview and Level Annotations

Branches:
Dungeon (5/15)
 Temple: D:4-7

Altars:
Ashenzari
Gozag

Shops:
D:4 :

Annotations:
D:5 Dowan


Innate Abilities, Weirdness & Mutations

You are a venomous arachnid creature.
You have poisonous fangs.
You are tiny and dextrous.
Your spellcasting is less reliable in this form.
Your armour is entirely melded.
You are incapable of wielding weapons or throwing items.
((You can breathe blasts of scalding, opaque steam.))
((Your pale cyan-grey scales are hard. (AC +6)))
You cannot fit into any form of body armour.
((You are cold-blooded and may be slowed by cold attacks.))
((You are immune to the effects of steam.))


Message History

You feel very sick. Duvessa hits you with a +0 rapier!
Something barely misses you. Duvessa misses you.
You hit something but do no damage.
You feel very sick. Duvessa barely misses you.
You hear some strange, mumbled words.
You are outlined in light.
You hit Duvessa.
Duvessa looks as sick as possible!
Duvessa is almost dead.
You feel very sick.
You kill Duvessa!
Something screams, "No!
No!
NO!"
You block something's attack.
You miss something.
Your transformation is almost over.
You feel very sick. Something hits you.
You are lethally poisoned!
You hit something but do no damage.
* * * LOW HITPOINT WARNING * * *
You feel very sick. Something hits you!
* * * LOW HITPOINT WARNING * * *
You hear some strange, mumbled words.
Ashenzari invites you to partake of a vision and a curse of alchemy and companions.
* * * LOW HITPOINT WARNING * * *
You feel very sick.
You feel better. Something hits you.
* * * LOW HITPOINT WARNING * * *
Something hits you.
* * * LOW HITPOINT WARNING * * *
You are lethally poisoned!
You feel better.
You hear some strange, mumbled words.
A stone arrow appears from out of thin air!
The stone arrow hits you!
* * * LOW HITPOINT WARNING * * *
You closely miss something. Something hits you.
You die...

###.......<.....
#...............
.#.....$......ll. ?..
#.....e......
....##.....#.....
........#### ###
..##....# #.##{## #.
#.s## ###.###).##
..........##
§§≈≈≈≈†≈§..##
≈§).....≈§..#
§§#####§§.#.#
§.....#.≈...### #####
§.#._.#.§.....# #....
≈.#.....≈.#...######....


There were no monsters in sight!

Vanquished Creatures
  Pikel (D:4)
  Grinder (D:4)
  Duvessa (D:5)
  An ogre (D:4)
  Blork the orc (D:4)
  An orc priest (D:4)
  An iguana (D:5)
  Ijyb (D:3)
  Natasha (thrice) (D:2)
  8 adders
  4 gnolls
  2 worms
  4 dart slugs
  3 orcs (D:4)
  7 bats
  3 endoplasms
  2 giant cockroaches (D:2)
  9 goblins
  9 hobgoblins
  5 jackals
  9 kobolds
  3 quokkas
  10 ball pythons
  3 frilled lizards
  7 rats
99 creatures vanquished.

Notes
Turn   | Place    | Note
-------+----------+-------------------------------------------
     0 | D:1      | themarg the Draconian Transmuter began the quest for the
                  | Orb.
     0 | D:1      | Reached XP level 1. HP: 16/16 MP: 3/3
    57 | D:1      | You fall into a shaft and drop 1 floor!
   105 | D:2      | Noticed Natasha
   108 | D:2      | Noticed a crimson imp
   128 | D:1      | Reached XP level 2. HP: 23/23 MP: 3/5
   159 | D:1      | Learned a level 2 spell: Wereblood
   417 | D:1      | Reached XP level 3. HP: 29/29 MP: 4/6
  1199 | D:2      | Identified the +1 leather armour of the Crypt {rF++ Str-3
                  | Int+2}
  1240 | D:2      | Learned a level 3 spell: Spider Form
  1294 | D:2      | Killed Natasha
  1295 | D:2      | Reached skill level 3 in Transmutations
  1295 | D:2      | Reached XP level 4. HP: 32/37 MP: 6/8
  1599 | D:2      | Noticed Natasha
  1607 | D:2      | Killed Natasha
  1632 | D:2      | Reached XP level 5. HP: 33/45 MP: 7/9
  1707 | D:2      | Noticed Natasha
  1719 | D:2      | Killed Natasha
  1720 | D:2      | Reached skill level 1 in Poison Magic
  2086 | D:3      | Found a broken altar of Ashenzari.
  2120 | D:3      | Became a worshipper of Ashenzari the Shackled
  2138 | D:3      | Noticed Ijyb
  2150 | D:3      | Killed Ijyb
  2863 | D:4      | Noticed a lemure
  2865 | D:4      | Noticed Pikel
  2865 | D:4      | Identified the cursed +0 pair of boots of Apeoromancy
                  | {Self, Cun} (You found it on level 3 of the Dungeon)
  2866 | D:4      | Noticed a lemure
  2866 | D:4      | Noticed a lemure
  2867 | D:4      | Noticed a lemure
  2881 | D:4      | Killed Pikel
  2882 | D:4      | Reached skill level 5 in Fighting
  2882 | D:4      | Reached skill level 5 in Transmutations
  2882 | D:4      | Reached XP level 6. HP: 44/56 MP: 6/12
  2882 | D:4      | Your scales start taking on a pale cyan-grey colour.
  2882 | D:4      | Reached XP level 7. HP: 48/61 MP: 6/13
  2882 | D:4      | Gained mutation: You are immune to the effects of steam.
                  | [Pale Draconian growth]
  2932 | D:4      | Identified the +2 robe "Mulaut" {Will++ Int+4 Slay+3}
  3210 | D:4      | Found Zihis's Book Emporium.
  3223 | D:4      | Noticed Blork the orc
  3234 | D:4      | Killed Blork the orc
  3471 | D:4      | Noticed Grinder
  3481 | D:4      | Killed Grinder
  3482 | D:4      | Reached skill level 6 in Transmutations
  3482 | D:4      | Reached XP level 8. HP: 65/68 MP: 11/14
  3640 | D:5      | Entered Level 5 of the Dungeon
  3648 | D:5      | Noticed Duvessa
  3648 | D:5      | Noticed Dowan
  3717 | D:5      | Found an opulent altar of Gozag.
  3810 | D:5      | Killed Duvessa
  3815 | D:5      | HP: 3/68 [something/stone arrow (14)]
  3816 | D:5      | Slain by Dowan

Illustrated notes

Levels and vault maps discovered:
D:1:      denvon_arrival_planthouse, layout_basic, amcnicky_mini_pool_small,
          corexii_leaking_fountain
D:2:      layout_rooms, uniq_natasha
D:3:      layout_loops_ring, mainiacjoe_overflow_catwalk, uniq_ijyb
D:4:      layout_basic, serial_shops, nicolae_shop_hallway_stairs, fountainhead,
          uniq_blork_the_orc, uniq_grinder, uniq_pikel
D:5:      layout_rooms, mainiacjoe_overflow_brackets, uniq_prince_ribbit1,
          uniq_duvessa

Skill      XL: |  1  2  3  4  5  6  7 |
---------------+----------------------+-----
Fighting       | 2 3 5 |  5.0
Transmutations | 3 5 6 |  6.9
Spellcasting   | 3 4 |  4.8
Poison Magic   | 2 3 |  3.0
Dodging        | |  1.7
Unarmed Combat | |  3.0

Action                   |  1- 3 |  4- 6 |  7- 9 || total
-------------------------+-------+-------+-------++-------
Melee: Mace              |    41 |       |       ||    41
       Kick              |    15 |    17 |     7 ||    39
       Tailslap          |     6 |     6 |     2 ||    14
       Headbutt          |     9 |    13 |     4 ||    26
       Punch             |     3 |     1 |       ||     4
       Dagger            |    29 |    83 |    31 ||   143
       Unarmed           |       |    15 |    68 ||    83
 Cast: Beastly Appendage |    22 |    21 |     6 ||    49
       Wereblood         |       |     3 |     3 ||     6
       Spider Form       |       |     1 |    10 ||    11
Invok: Curse Item        |       |     1 |       ||     1
  Use: Scroll            |       |     7 |       ||     7
       Potion            |       |       |     2 ||     2
 Stab: Sleeping          |     1 |     1 |       ||     2
Armor: Skin              |    21 |    23 |     4 ||    48
Dodge: Dodged            |    47 |    61 |    49 ||   157
Block: Other             |       |     2 |    19 ||    21
       Reflection        |       |     1 |     2 ||     3

Table legend: (Time is in decaauts)
 A = Elapsed time spent in this place.
 B = Non-inter-level travel time spent in this place.
 C = Inter-level travel time spent in this place.
 D = Time resting spent in this place.
 E = Time spent auto-exploring this place.
 F = Levels seen in this place.
 G = Mean time per level.
                   A        B        C        D        E       F      G
               +--------+--------+--------+--------+--------+-----+--------+
         Total |   3832 |   3663 |    169 |     26 |   2775 |   5 |  766.4 |
       Dungeon |   3832 |   3663 |    169 |     26 |   2775 |   5 |  766.4 |
               +--------+--------+--------+--------+--------+-----+--------+

Top non-repeatable levels by time:
     D:1: 1102 daAuts
     D:4: 955 daAuts
     D:2: 935 daAuts
     D:3: 702 daAuts
     D:5: 135 daAuts
